cohdb
Replays
Latest Replays
All Replays
Popular Replays
Top Player Replays
Match Explorer
How It Works
Community
CoH3 Stats
Reddit
Sign in to upload your games and track your stats! →
Sign in with Steam
Match 39736922
Unlisted
Match 39736922
Overview
Messages
Build Orders
End
Kradschützen Motorcycle Team
Panzergrenadier Squad
Panzergrenadier Squad
Construct Light Support Kompanie
Fire Support Elements
MG34 Team
Selects Italian Infantry
Pak 38 Mechanized Group
Selects Guastatori Squad
Selects L6/40 Light Tank Combat Group
L6/40 Light Tank Combat Group
Pak 38 Anti-tank Gun Team
2.5-tonne Medical Truck
Guastatori Squad
Construct Panzerarmee Kommand
Armored Reserves
Saueee
Colonel0tto
0
0
Comments
sign in to comment!
No comments posted yet!